Map: Pylon LE

Players

Sindyr - Winner!

  • Race: Zerg Zerg
  • League: Master
  • Spawn Location: 5:00

bleuz

  • Race: Terran Terran
  • League: Master
  • Spawn Location: 11:00

VOD

Have the link to the VOD?

Description

Time

  • Played on: Oct. 9, 2025, 7:28 a.m.
  • Length: 24:21
Show
View Real Time Build Order
Export as new Build Order

Sindyr Zerg - Winner!

Build Orders: Hatch First 

Get SALT Encoding   

  12  0:02  Drone  
  13  0:15  Overlord  
  13  0:27  Drone  
  14  0:33  Drone x2  
  16  0:38  Drone  
  17  0:56  Drone  
  18  0:59  Hatchery  
  18  1:00  Drone  
  18  1:03  Extractor  
  17  1:16  Spawning Pool  
  16  1:18  Drone  
  16  1:22  Drone  
  18  1:33  Drone  
  19  1:43  Overlord  
  19  1:58  Drone  
  20  2:05  Queen  
  22  2:10  Queen  
  22  2:13  Drone x2  
  26  2:19  Metabolic Boost  
  26  2:21  Zergling x2  
  27  2:31  Drone x2  
  27  2:33  Drone  
  30  2:49  Queen  
  30  2:51  Drone  
  33  3:00  Drone x2  
  33  3:02  Drone  
  33  3:03  Hatchery  
  35  3:07  Overlord  
  35  3:21  Overlord  
  35  3:31  Queen  
  35  3:32  Baneling Nest  
  36  3:43  Drone x8  
  44  3:49  Drone x3  
  44  3:53  Extractor  
  46  4:02  Extractor  
  45  4:03  Lair  
  45  4:23  Drone x3  
  48  4:26  Drone x3  
  48  4:28  Queen  
  54  4:38  Drone  
  54  4:39  Drone x2  
  54  4:41  Overlord  
  54  4:42  Overlord  
  56  4:45  Evolution Chamber  
  56  4:52  Evolution Chamber  
  54  4:55  Drone x4  
  58  5:00  Drone x6  
  64  5:09  Extractor  
  63  5:24  Hatchery  
  62  5:29  Drone  
  62  5:30  Drone  
  62  5:31  Overlord x3  
  64  5:39  Hatchery  
  63  5:48  Zerg Ground Armor Level 1, Zerg Melee Weapons Level 1  
  63  5:51  Zergling x22  
  63  5:52  Zergling x2  
  63  5:54  Centrifugal Hooks  
  75  6:00  Roach Warren  
  74  6:11  Extractor  
  73  6:21  Drone x3  
  73  6:22  Drone  
  77  6:29  Drone x3  
  80  6:40  Glial Reconstitution  
  80  6:53  Queen  
  82  6:56  Drone x2  
  82  6:57  Drone x12  
  96  7:01  Queen  
  98  7:30  Extractor  
  98  7:32  Infestation Pit  
  98  7:36  Hydralisk Den  
  98  7:37  Drone x11  
  96  7:38  Drone x3  
  96  7:39  Drone  
  96  7:43  Overlord x6  
  110  8:10  Hive  
  110  8:36  Extractor  
  109  8:46  Zerg Ground Armor Level 2, Zerg Melee Weapons Level 2  
  109  8:49  Grooved Spines  
  109  8:51  Zergling x2  
  109  8:52  Zergling x20, Roach  
  109  8:53  Roach x2, Zergling x2  
  109  8:54  Roach x2, Zergling x2  
  109  8:55  Zergling x26  
  145  9:31  Overlord x2  
  145  9:39  Muscular Augments  
  145  10:08  Overlord x5  
  145  10:24  Extractor  
  145  10:27  Extractor  
  143  11:02  Zerg Missile Weapons Level 1  
  143  11:21  Overseer x2  
  143  11:22  Overseer  
  143  11:24  Pneumatized Carapace  
  87  11:39  Drone x11  
  98  11:40  Drone x4  
  98  11:45  Hydralisk x2, Roach  
  98  11:46  Hydralisk x2, Roach  
  98  11:47  Roach, Zergling x12, Unknown  
  115  11:48  Zergling x4, Roach  
  115  11:49  Zergling x4, Roach x8  
  115  11:50  Roach  
  144  11:57  Drone x4  
  144  11:58  Drone x18  
  144  11:59  Drone x7  
  144  12:00  Drone x2  
  175  12:12  Spore Crawler  
  175  12:13  Spore Crawler  
  175  12:14  Spore Crawler  
  172  12:17  Spine Crawler  
  172  12:18  Spine Crawler  
  172  12:20  Spine Crawler  
  172  12:22  Hydralisk x3  
  169  12:23  Hydralisk x2, Roach x5  
  169  12:24  Roach  
  191  12:56  Hatchery  
  190  13:08  Hatchery  
  190  13:09  Zerg Ground Armor Level 3, Zerg Melee Weapons Level 3  
  189  13:36  Lair  
  189  13:41  Spore Crawler  
  189  13:43  Spore Crawler  
  189  13:45  Spore Crawler  
  186  13:51  Spine Crawler  
  186  13:54  Spine Crawler, Overlord  
  186  13:55  Spine Crawler  
  183  14:07  Overseer  
  182  14:28  Extractor  
  157  14:50  Roach  
  157  14:51  Roach x18  
  157  14:52  Roach x15  
  192  14:53  Roach x6, Hydralisk  
  192  14:54  Zergling x2  
  192  14:55  Zergling x18  
  200  15:11  Overseer x3  
  199  15:33  Hydralisk x6  
  199  15:34  Hydralisk  
  184  15:46  Zerg Missile Weapons Level 2  
  148  16:05  Hydralisk  
  148  16:06  Hydralisk x6  
  148  16:08  Hydralisk x4, Roach  
  148  16:09  Roach x6, Hydralisk x4  
  148  16:10  Roach x2  
  194  16:15  Zergling x4  
  194  16:16  Zergling x4  
  194  16:18  Overlord x4  
  150  17:03  Roach x3, Zergling x2, Unknown  
  150  17:04  Zergling x4, Roach  
  150  17:05  Zergling x14, Roach x8  
  155  17:36  Zergling x2  
  155  17:37  Zergling x24, Roach x2  
  146  17:38  Zergling x2, Roach  
  127  18:07  Zergling x6  
  127  18:08  Zergling x30  
  137  18:27  Zergling x14  
  137  18:28  Zergling x14, Roach  
  143  18:59  Extractor  
  143  19:01  Extractor  
  139  19:10  Hydralisk x4  
  139  19:11  Roach x4  
  139  19:12  Zergling x6, Roach, Hydralisk  
  139  19:13  Roach x2, Zergling x2, Hydralisk x2  
  139  19:14  Zergling x8  
  155  19:53  Zerg Missile Weapons Level 3  
  147  20:27  Hatchery  
  144  20:59  Hydralisk  
  144  21:01  Zergling x2, Hatchery  
  144  21:02  Zergling x16, Roach x2  
  144  21:03  Roach x15, Zergling x4  
  144  21:04  Zergling x8, Roach x3  
  127  22:02  Zergling x2, Roach x11  
  127  22:03  Roach x27  
  127  22:04  Zergling x4  
  194  22:13  Zergling x14  
  194  22:14  Zergling x10  
  183  22:45  Ravager x2  
  183  22:46  Ravager x5  
  190  22:51  Tunneling Claws  
  190  23:27  Hydralisk x2  
  190  23:28  Roach x3  
  190  23:29  Extractor  
  190  23:30  Extractor  
  163  23:52  Unknown  
  148  23:56  Zergling x6, Roach x13  
  148  23:57  Zergling x12, Roach x6  
  148  23:58  Roach x2, Zergling x2  
Show
View Real Time Build Order
Export as new Build Order

bleuz Terran 

Build Orders:  

Get SALT Encoding   

  12  0:02  SCV  
  13  0:14  SCV  
  14  0:26  SCV  
  15  0:30  Supply Depot  
  15  0:42  Refinery  
  15  0:56  Barracks  
  15  1:13  SCV  
  16  1:25  SCV  
  17  1:34  Supply Depot  
  17  1:37  SCV  
  18  1:45  Engineering Bay  
  18  1:46  Marine  
  19  1:50  SCV  
  20  1:56  Supply Depot  
  20  2:02  SCV  
  20  2:04  Marine  
  22  2:11  Bunker  
  22  2:14  SCV  
  23  2:19  Supply Depot  
  23  2:22  Marine  
  24  2:40  Marine  
  25  2:55  Missile Turret  
  25  2:57  Marine  
  26  3:15  Marine, Command Center  
  27  3:34  Factory  
  27  3:43  Barracks Tech Lab  
  27  3:48  Hi-Sec Auto Tracking  
  27  4:11  Refinery  
  27  4:12  SCV  
  28  4:19  Ghost Academy  
  28  4:24  SCV, Factory Tech Lab  
  29  4:30  Missile Turret  
  29  4:35  Concussive Shells  
  29  4:36  SCV  
  29  4:38  Marauder  
  32  4:41  SCV  
  32  4:45  Neosteel Armor  
  33  4:48  SCV  
  34  4:53  SCV  
  34  4:59  Marauder  
  37  5:05  SCV, Factory  
  38  5:10  SCV  
  39  5:17  SCV  
  40  5:22  SCV  
  40  5:27  Command Center  
  41  5:29  SCV  
  41  5:34  SCV  
  41  5:35  Missile Turret  
  43  5:41  SCV  
  44  5:46  SCV  
  45  5:51  Factory Reactor  
  45  5:53  SCV  
  45  5:55  Missile Turret  
  46  5:58  SCV  
  46  5:59  Armory  
  47  6:05  SCV  
  47  6:10  SCV  
  49  6:17  SCV  
  49  6:18  Refinery  
  50  6:22  Refinery, SCV  
  50  6:25  Terran Infantry Weapons Level 1  
  51  6:29  SCV  
  52  6:35  Ghost  
  54  6:42  SCV  
  55  6:48  Armory, Mag-Field Accelerator  
  55  7:03  Ghost  
  57  7:12  Personal Cloaking  
  57  7:24  Factory Tech Lab  
  57  7:33  Terran Vehicle Weapons Level 1  
  57  7:45  Siege Tank  
  60  7:55  Siege Tank  
  63  7:59  SCV  
  63  8:00  Refinery  
  64  8:11  SCV  
  65  8:16  Missile Turret  
  65  8:23  SCV  
  66  8:27  Terran Vehicle And Ship Armor Level 1  
  66  8:36  SCV, Missile Turret  
  66  8:37  Nuke  
  67  8:46  Terran Infantry Weapons Level 2  
  67  8:48  SCV  
  68  9:01  Factory  
  68  9:05  Cyclone  
  68  9:06  Cyclone  
  74  9:19  Refinery  
  74  9:21  Planetary Fortress  
  74  9:37  Cyclone  
  77  9:40  Command Center  
  77  9:46  Factory  
  77  10:11  Supply Depot  
  77  10:12  Supply Depot  
  77  10:32  Cyclone, SCV  
  77  10:35  Supply Depot  
  81  10:37  Supply Depot  
  81  10:39  Factory Tech Lab  
  81  10:41  Factory Tech Lab  
  81  10:43  Terran Vehicle And Ship Armor Level 2  
  81  10:44  SCV  
  81  10:45  Terran Vehicle Weapons Level 2  
  81  10:49  Cyclone  
  85  10:57  SCV  
  86  10:59  Orbital Command  
  86  11:01  Orbital Command  
  84  11:04  Cyclone  
  84  11:09  SCV  
  88  11:21  SCV, Cyclone  
  92  11:29  Supply Depot  
  92  11:46  Supply Depot  
  90  12:01  Ghost  
  90  12:06  Nuke  
  92  12:08  Supply Depot  
  92  12:11  Cyclone x3  
  92  12:12  Cyclone  
  104  12:30  Ghost  
  106  12:38  Supply Depot  
  106  12:40  Supply Depot  
  106  12:43  Cyclone x2  
  106  12:44  Cyclone x2, Starport  
  118  13:15  Cyclone  
  118  13:16  Cyclone x3  
  130  13:24  Starport Tech Lab  
  130  13:37  Supply Depot  
  130  13:39  Supply Depot  
  130  13:41  Supply Depot  
  130  13:47  Cyclone  
  130  13:48  Cyclone x3  
  142  14:04  Missile Turret  
  142  14:05  Missile Turret  
  142  14:16  Interference Matrix  
  142  14:18  Raven  
  142  14:20  Cyclone x4  
  142  14:21  Terran Vehicle Weapons Level 3  
  142  14:23  Terran Vehicle And Ship Armor Level 3  
  84  16:12  Siege Tank x4  
  72  16:34  Planetary Fortress  
  71  16:44  Siege Tank x4  
  40  17:39  Thor x2  
  40  17:40  Thor x2  
  54  18:12  SCV  
  54  18:22  Thor x3  
  54  18:23  Thor  
  54  18:24  SCV  
  79  18:36  SCV  
  81  18:48  SCV  
  81  18:50  Supply Depot  
  81  18:53  Supply Depot  
  81  18:57  Supply Depot  
  81  19:00  SCV  
  82  19:05  Siege Tank  
  85  19:12  Siege Tank x2  
  85  19:15  Siege Tank  
  92  19:45  SCV  
  89  19:58  Supply Depot  
  89  20:04  Supply Depot  
  89  20:10  Supply Depot  
  77  20:50  Supply Depot  
  77  20:51  Supply Depot  
  77  20:53  Supply Depot  
  77  20:55  Supply Depot  
  77  20:57  Supply Depot  
  77  21:02  Supply Depot  
  77  21:18  Marine  
  77  21:24  Raven  
  15  23:31  Siege Tank  
Tags
 
Matchup
TvZ
Replay Pack
Multiplayer
Spawn Locations
Cross Positions
Add a new tag
Caveats
  • Supply blocks, unpowered buildings, or Contaminate may cause inaccurate times.
  • Supply counts are checked every 10 seconds.